Map: Romanticide LE

Players

Cure

  • Race: Terran Terran
  • Spawn Location: 11:00

Rogue - Winner!

  • Race: Zerg Zerg
  • Spawn Location: 5:00

Event: IEM Katowice 2021

VOD

Have the link to the VOD?

Description

Time

  • Played on: Feb. 25, 2021, 8:55 a.m.
  • Length: 18:25

All games in this series

Show
View Real Time Build Order
Export as new Build Order

Cure Terran 

Build Orders: Reaper Expand, Hellion Banshee 

Get SALT Encoding   

  12  0:00  SCV  
  13  0:12  SCV  
  14  0:17  Supply Depot  
  14  0:24  SCV  
  15  0:39  SCV  
  15  0:40  Barracks  
  15  0:42  Refinery  
  16  0:51  SCV  
  17  1:03  SCV  
  18  1:15  SCV  
  19  1:27  Reaper, Orbital Command  
  20  1:38  Command Center  
  20  1:47  Supply Depot  
  20  1:53  SCV  
  21  1:59  Marine  
  22  2:05  SCV  
  23  2:11  Factory  
  23  2:17  SCV  
  23  2:20  Barracks Reactor  
  24  2:29  SCV  
  25  2:41  SCV  
  25  2:42  Command Center  
  26  2:50  Orbital Command  
  26  2:53  SCV  
  26  2:57  Starport  
  27  3:06  SCV  
  27  3:08  Hellion  
  27  3:10  Hellion  
  32  3:16  SCV, Refinery  
  32  3:18  SCV, Barracks Tech Lab  
  34  3:28  SCV  
  34  3:31  SCV  
  34  3:33  Hellion x2  
  40  3:40  SCV  
  41  3:42  Banshee  
  41  3:43  SCV, Marine  
  46  3:54  Orbital Command  
  46  3:55  SCV x2  
  48  4:01  Hellion x2  
  52  4:07  SCV x2  
  54  4:11  Barracks Tech Lab  
  54  4:12  Supply Depot  
  54  4:19  SCV x2  
  54  4:21  SCV  
  57  4:27  Supply Depot  
  59  4:32  SCV x2  
  59  4:33  SCV, Marine  
  59  4:37  Supply Depot  
  61  4:39  Stimpack  
  61  4:45  Barracks, Starport Reactor  
  61  4:46  SCV x2  
  61  4:47  SCV, Refinery, Factory Reactor  
  61  4:48  Refinery  
  61  4:49  Barracks  
  61  4:51  Marine  
  65  4:53  Supply Depot  
  65  4:58  SCV  
  65  4:59  SCV  
  68  5:00  Orbital Command  
  68  5:06  Engineering Bay  
  67  5:07  Engineering Bay  
  67  5:09  Marine  
  67  5:11  SCV x2  
  70  5:23  SCV x2  
  70  5:26  Marine  
  73  5:31  Medivac x2, Barracks  
  73  5:32  Barracks  
  73  5:33  Terran Infantry Weapons Level 1, Terran Infantry Armor Level 1  
  73  5:34  Marine  
  73  5:35  SCV x2, Marine  
  81  5:38  SCV  
  81  5:42  Supply Depot  
  82  5:45  Supply Depot  
  82  5:46  Siege Tank  
  82  5:47  SCV x2  
  82  5:48  Marine x2  
  89  5:50  Marine  
  89  5:52  SCV, Marine  
  92  5:57  Marine  
  92  6:04  SCV  
  94  6:06  Supply Depot, Marine x2  
  94  6:07  SCV x2  
  94  6:08  Marine  
  94  6:11  Supply Depot  
  99  6:16  Marine x2  
  99  6:18  Siege Tank, Combat Shield  
  104  6:19  Barracks Reactor  
  104  6:20  Medivac, Barracks Reactor  
  104  6:22  SCV x3  
  109  6:27  Marine x2  
  109  6:31  Marine  
  112  6:33  Supply Depot, Marine x2  
  112  6:34  Supply Depot  
  114  6:40  Armory  
  114  6:41  SCV x2  
  114  6:42  Supply Depot  
  114  6:43  SCV, Refinery x2  
  114  6:45  Marine x2  
  119  6:50  Siege Tank  
  119  6:51  Marine x3  
  119  6:53  Missile Turret  
  125  7:00  Missile Turret  
  125  7:01  Missile Turret  
  125  7:03  Marine x2  
  125  7:06  Marine x4  
  125  7:07  Orbital Command  
  131  7:08  Marine  
  131  7:09  Marine  
  126  7:19  SCV x2  
  126  7:22  Marine x3  
  119  7:24  Marine x3  
  116  7:31  SCV  
  116  7:35  Marine x3  
  119  7:39  Marine x3  
  119  7:42  Marine x3  
  120  7:45  SCV x3  
  123  7:53  Marine x3, Terran Infantry Weapons Level 2  
  123  7:54  Terran Infantry Armor Level 2  
  123  7:57  Marine x2  
  128  7:59  Medivac x2  
  128  8:03  SCV x2  
  131  8:11  SCV  
  129  8:15  SCV x2, Marine x2  
  129  8:16  Marine x4  
  115  8:21  Marine x3  
  115  8:22  Siege Tank  
  115  8:27  SCV  
  115  8:28  SCV x2  
  115  8:30  Drilling Claws  
  115  8:33  Marine  
  119  8:35  Factory, Marine x4  
  122  8:42  Factory, Marine x4  
  122  8:45  Medivac  
  127  8:51  Marine  
  127  8:53  Marine x4  
  133  9:00  Marine x4  
  137  9:09  Medivac, Marine  
  138  9:10  Marine  
  138  9:11  Thor, Marine  
  146  9:20  Command Center  
  146  9:32  Factory Reactor  
  146  9:34  Terran Vehicle And Ship Armor Level 1  
  146  9:36  Supply Depot  
  146  9:37  Supply Depot  
  146  9:38  Supply Depot  
  146  9:48  Supply Depot  
  146  9:51  Barracks x2, Barracks Reactor  
  146  9:52  Barracks  
  146  9:55  Factory Reactor  
  146  9:57  Marine x3  
  146  9:58  Marine x3  
  146  9:59  Thor, Marauder  
  154  10:01  Missile Turret  
  154  10:02  Missile Turret  
  154  10:03  SCV x3  
  163  10:12  Medivac x2  
  160  10:30  Supply Depot  
  160  10:31  Marine x4, Supply Depot x2  
  160  10:32  SCV x3, Marauder  
  160  10:33  Supply Depot  
  171  10:36  Widow Mine  
  171  10:38  Barracks Tech Lab x2  
  171  10:39  Barracks Tech Lab  
  171  10:42  Terran Infantry Weapons Level 3  
  171  10:44  Widow Mine  
  170  10:52  Terran Infantry Armor Level 3  
  170  10:57  Thor  
  170  10:58  Widow Mine  
  178  11:06  Widow Mine  
  178  11:07  Marauder  
  178  11:08  Marauder, Concussive Shells  
  178  11:10  Sensor Tower  
  184  11:13  Supply Depot  
  184  11:16  Marauder x2, Marine x2  
  190  11:21  Widow Mine, Sensor Tower  
  192  11:31  Marine x4  
  192  11:32  Marauder x2  
  200  11:38  Planetary Fortress  
  200  11:47  Missile Turret  
  200  11:48  Missile Turret  
  200  11:52  Terran Vehicle And Ship Armor Level 2  
  200  11:55  Barracks x2  
  200  11:56  Barracks  
  200  12:19  Command Center  
  200  12:20  Command Center  
  200  12:42  Barracks Tech Lab x2, Sensor Tower  
  200  12:43  Barracks Tech Lab, Missile Turret  
  200  12:44  Missile Turret  
  200  12:48  Missile Turret  
  200  13:03  Command Center  
  200  13:04  Command Center  
  200  13:17  Supply Depot  
  200  13:19  Neosteel Armor, Supply Depot x2  
  199  13:21  Supply Depot  
  199  13:28  Missile Turret  
  199  13:29  Missile Turret  
  199  13:30  Hi-Sec Auto Tracking  
  199  13:32  Marine  
  199  13:34  Orbital Command  
  200  13:46  Missile Turret  
  200  13:48  Missile Turret  
  200  13:53  Marine  
  200  13:54  Marine  
  200  13:55  Marine  
  200  13:58  Marauder  
  200  13:59  Planetary Fortress  
  200  14:02  Marine x3, Missile Turret  
  198  14:12  Marine x2  
  200  14:17  Orbital Command  
  200  14:22  Missile Turret x2  
  199  14:27  Missile Turret  
  199  14:29  Marine  
  200  14:35  Marauder x2, Marine x4  
  191  14:49  Marauder x3  
  191  14:51  Widow Mine  
  199  14:58  Marauder  
  199  15:03  Command Center  
  199  15:06  Command Center  
  196  15:11  Missile Turret x2  
  189  15:14  Widow Mine x2  
  189  15:18  Widow Mine  
  189  15:19  Marauder x2  
  199  15:30  Terran Vehicle And Ship Armor Level 3  
  190  15:36  Widow Mine x2  
  190  15:37  Marauder, Marine x5  
  190  15:38  Marauder x4  
  190  15:39  Thor  
  190  15:40  Marauder x2  
  164  15:54  Marine x3  
  164  15:55  Marine  
  148  15:57  Widow Mine x2  
  148  15:58  Marine x4  
  148  15:59  Marauder x3  
  154  16:17  Marauder x2, Marine x6  
  154  16:18  Marauder, Widow Mine  
  167  16:19  Widow Mine  
  167  16:30  Medivac x2  
  166  16:43  Marauder, Marine x3  
  166  16:46  Planetary Fortress  
  166  16:49  SCV  
  166  16:51  Missile Turret  
  167  16:57  Missile Turret x2  
  167  17:00  Medivac x2  
  163  17:03  Marauder x2, Marine x4  
  163  17:06  Marine x2  
  163  17:07  Marauder  
  120  17:08  Marine  
  120  17:10  Marauder  
  120  17:15  Widow Mine x2, Marine x3  
  110  17:17  Marine  
  110  17:22  Marine x2  
  108  17:23  Marine  
  108  17:25  Marauder  
  111  17:30  Marauder x2, Marine x2  
  117  17:37  Marauder, Marine x3  
  117  17:38  Orbital Command  
  117  17:42  Marauder x2  
  117  17:44  Widow Mine  
  126  17:46  Widow Mine  
  126  17:50  Widow Mine  
  130  17:54  Marauder  
  130  18:01  Marauder x2  
Show
View Real Time Build Order
Export as new Build Order

Rogue Zerg - Winner!

Build Orders: Hatch First, Muta Ling Bane 

Get SALT Encoding   

  12  0:00  Drone  
  13  0:12  Overlord  
  13  0:16  Drone  
  14  0:30  Drone x2  
  16  0:49  Hatchery  
  15  0:50  Drone  
  15  0:53  Drone  
  17  0:57  Drone  
  18  1:08  Extractor  
  17  1:12  Spawning Pool  
  17  1:15  Drone  
  18  1:18  Drone  
  18  1:28  Drone  
  19  1:38  Drone  
  20  1:49  Drone  
  21  2:00  Queen x2  
  26  2:01  Zergling x4  
  27  2:11  Overlord  
  27  2:13  Drone  
  28  2:20  Hatchery  
  27  2:23  Drone  
  28  2:30  Drone  
  28  2:35  Drone  
  30  2:38  Drone  
  30  2:39  Queen  
  33  2:44  Metabolic Boost  
  33  2:49  Overlord  
  33  2:51  Drone  
  34  2:54  Drone  
  34  2:57  Drone  
  36  3:10  Drone  
  36  3:12  Drone x4  
  41  3:16  Queen  
  41  3:18  Overlord  
  43  3:20  Drone  
  44  3:31  Queen  
  44  3:32  Drone  
  44  3:33  Drone x2  
  49  3:38  Drone  
  50  3:43  Queen  
  50  3:45  Drone x2  
  50  3:47  Overlord  
  54  3:48  Drone x2  
  54  3:49  Drone  
  54  3:51  Drone  
  54  3:55  Overlord  
  58  4:05  Baneling Nest  
  58  4:06  Zergling x10  
  58  4:07  Drone  
  58  4:09  Queen  
  65  4:15  Drone x3  
  65  4:16  Drone  
  69  4:18  Drone  
  69  4:23  Extractor  
  69  4:26  Lair  
  69  4:27  Overlord  
  69  4:29  Drone, Spore Crawler  
  69  4:30  Drone x2  
  71  4:32  Spore Crawler  
  71  4:34  Spore Crawler  
  71  4:36  Overlord  
  69  4:40  Overlord  
  69  4:50  Drone x4  
  73  4:53  Extractor  
  73  4:54  Extractor, Drone x3  
  73  4:55  Drone x4  
  77  5:00  Spore Crawler  
  77  5:04  Drone x3  
  77  5:05  Drone x2  
  81  5:09  Drone  
  81  5:13  Extractor x2  
  80  5:15  Overlord  
  80  5:16  Drone  
  81  5:23  Drone x4  
  81  5:24  Drone  
  81  5:27  Spire  
  85  5:29  Drone  
  85  5:30  Evolution Chamber, Drone x2  
  85  5:32  Evolution Chamber  
  85  5:33  Drone  
  87  5:36  Drone  
  88  5:46  Zergling x10  
  88  5:49  Hatchery  
  92  5:53  Overlord  
  92  5:58  Drone x4  
  96  6:07  Overlord x2  
  96  6:09  Zergling x2  
  96  6:10  Zergling x2  
  98  6:13  Hatchery, Overlord, Baneling x4  
  98  6:16  Centrifical Hooks  
  97  6:20  Zergling x8  
  97  6:21  Zergling x4  
  97  6:22  Overlord  
  102  6:44  Mutalisk x8  
  102  6:46  Mutalisk  
  120  6:48  Mutalisk x2  
  124  6:59  Zergling x16  
  132  7:01  Zerg Flyer Weapons Level 1  
  132  7:02  Overlord  
  132  7:03  Mutalisk  
  132  7:05  Zergling x4  
  136  7:09  Zergling x2  
  132  7:20  Mutalisk x3  
  132  7:22  Zergling x8  
  130  7:27  Zergling x14  
  133  7:33  Hatchery, Mutalisk  
  133  7:34  Mutalisk  
  136  7:38  Drone x2  
  136  7:42  Baneling x6  
  138  7:45  Zergling x4  
  138  7:48  Mutalisk  
  142  7:51  Zergling x2  
  142  7:52  Zergling x2, Overlord  
  142  7:53  Overlord  
  142  7:56  Overlord  
  142  7:57  Extractor  
  142  8:03  Zerg Ground Armor Level 1  
  142  8:04  Zerg Melee Weapons Level 1  
  142  8:07  Drone  
  142  8:12  Drone x8  
  151  8:13  Drone  
  151  8:17  Mutalisk x2  
  136  8:22  Hatchery  
  136  8:26  Drone  
  139  8:27  Drone x5  
  139  8:31  Zergling x4  
  139  8:32  Zergling x10  
  148  8:36  Zergling x2  
  149  8:42  Mutalisk x4  
  149  8:47  Zergling x2  
  158  8:49  Zergling x6  
  158  8:55  Baneling x12  
  160  8:56  Zergling x2  
  161  9:03  Overlord  
  161  9:05  Drone x6  
  161  9:07  Zergling x8  
  170  9:16  Infestation Pit  
  169  9:17  Overlord  
  169  9:18  Zergling x4  
  169  9:20  Zergling x6  
  169  9:21  Overlord  
  174  9:24  Zergling x2  
  174  9:25  Zergling x14  
  174  9:30  Overlord  
  182  9:35  Extractor  
  181  9:39  Zerg Flyer Armor Level 1  
  181  9:44  Zergling x2, Hatchery  
  181  9:45  Zergling x24  
  193  9:48  Zergling x4  
  193  9:51  Zergling x2  
  196  9:59  Zergling x2  
  197  10:00  Zergling x6  
  197  10:02  Hive, Zerg Ground Armor Level 2  
  197  10:03  Zerg Melee Weapons Level 2  
  200  10:13  Zergling x2  
  195  10:21  Zergling x14  
  192  10:22  Zergling x2  
  192  10:25  Zergling x2  
  200  10:29  Overseer, Pneumatized Carapace  
  200  10:30  Overseer x3  
  200  10:31  Burrow  
  200  10:32  Baneling x6  
  200  10:33  Baneling x17  
  198  10:51  Zergling x4  
  200  10:57  Baneling  
  200  10:58  Baneling x6  
  200  10:59  Spore Crawler  
  197  11:05  Zergling x2  
  197  11:10  Drone x2  
  200  11:11  Baneling x3  
  200  11:12  Baneling x16  
  200  11:13  Hatchery  
  200  11:17  Adrenal Glands  
  199  11:20  Zergling x4, Ultralisk Cavern  
  200  11:41  Extractor, Zerg Flyer Armor Level 2  
  198  11:47  Zergling x2  
  199  12:08  Chitinous Plating  
  199  12:22  Hatchery  
  198  12:25  Zergling x2  
  198  12:33  Zergling x4  
  198  12:35  Zerg Melee Weapons Level 3, Zerg Ground Armor Level 3  
  200  12:37  Baneling x8  
  192  13:14  Ultralisk  
  192  13:16  Zergling x2  
  199  13:27  Anabolic Synthesis  
  199  13:33  Baneling x21  
  199  13:34  Baneling x5  
  199  13:48  Baneling x9  
  195  13:57  Drone x4  
  199  14:04  Zerg Flyer Weapons Level 2  
  199  14:23  Zergling x2  
  181  14:37  Ultralisk x6  
  197  14:40  Mutalisk x3  
  197  14:42  Zergling x2  
  191  14:46  Spine Crawler x2  
  191  14:47  Spore Crawler  
  191  14:50  Zergling x18  
  191  14:51  Zergling x18  
  199  15:03  Unknown  
  199  15:04  Zergling x2  
  199  15:09  Overlord  
  197  15:20  Zergling x4  
  199  15:22  Hatchery  
  199  15:26  Zergling x4  
  181  15:38  Zergling x16  
  181  15:39  Zergling x40  
  181  15:40  Zergling x4  
  196  15:49  Zergling x10  
  199  15:52  Zergling x2  
  196  15:59  Zergling x6  
  196  16:01  Zergling x2  
  196  16:02  Zergling x4  
  184  16:06  Zergling x20  
  184  16:07  Zergling x4, Ultralisk x2  
  184  16:08  Zergling x2, Ultralisk x2  
  184  16:09  Zergling x4  
  186  16:20  Mutalisk x7  
  199  16:28  Baneling x18  
  199  16:29  Baneling x30  
  199  16:30  Baneling x12  
  193  16:41  Drone  
  193  16:42  Drone x6  
  198  16:52  Zergling x2  
  198  16:53  Zergling x2, Hatchery  
  191  17:05  Ultralisk x2  
  161  17:09  Ultralisk x3  
  161  17:10  Ultralisk  
  161  17:12  Zergling x36  
  161  17:13  Zergling x8  
  200  17:16  Zergling x2  
  199  17:26  Zergling x12  
  199  17:33  Mutalisk x3  
  199  17:40  Baneling  
  199  17:41  Baneling x22  
  199  17:42  Baneling x22  
  199  18:07  Hatchery  

Tags
 
Add a new tag
Caveats
  • Supply blocks, unpowered buildings, or Contaminate may cause inaccurate times.
  • Supply counts are checked every 10 seconds.